 Dungeon Crawl Stone Soup version 0.18.1-50-g88ac8fd (webtiles) character file.

177 urga the Insei (level 5, -2/37 HPs)
             Began as a Merfolk Transmuter on Oct 20, 2016.
             Slain by an orc
             ... wielding a +0 flail
              (11 damage)
             ... on level 3 of the Dungeon.
             The game lasted 00:08:00 (3560 turns).

urga the Insei (Merfolk Transmuter)                 Turns: 3560, Time: 00:08:01

Health: -2/37      AC:  3    Str: 11    XL:     5   Next: 57%
Magic:  7/8        EV: 13    Int: 12    God:
Gold:   88         SH:  0    Dex: 15    Spells: 3 memorised, 2 levels left

rFire  . . .     SeeInvis .       - Unarmed
rCold  . . .     Gourm    .     b - +0 robe
rNeg   . . .     Faith    .     (no shield)
rPois  .         Spirit   .     (no helmet)
rElec  .         Dismiss  .     (no cloak)
rCorr  .         Reflect  .     d - +0 pair of gloves
SustAt .         Harm     .     (no boots)
MR     .....                    (no amulet)
Stlth  +.........               (no ring)
                                (no ring)

@: appendage, not resistant to hostile enchantments, very unstealthy
A: change form in water, swift swim, horns 2
a: End Transformation


You were on level 3 of the Dungeon.
You were not hungry.
You had grown temporary horns.
You visited 1 branch of the dungeon, and saw 3 of its levels.

You collected 88 gold pieces.

Inventory:

Missiles
 a - 75 arrows
Armour
 b - a +0 robe (worn)
 d - a +0 pair of gloves (worn)
 g - a +0 large shield
Scrolls
 e - a scroll of amnesia
 f - a scroll of remove curse {unknown}
 h - 4 scrolls of identify
 l - a scroll of blinking {unknown}
Potions
 j - a potion of agility {unknown}
 k - a potion of might {unknown}
 m - a potion of degeneration {unknown}
Books
 c - a book of Changes

   Spells                             Type                      Level
   a - Beastly Appendage              Transmutation                1
   b - Sticks to Snakes               Transmutation                2
   c - Spider Form                    Transmutation/Poison         3
   d - Ice Form                       Ice/Transmutation            4
   e - Blade Hands                    Transmutation                5
Comestibles
 i - 2 meat rations
 n - 4 fruits
 o - 2 chunks of flesh


   Skills:
 - Level 1.1 Fighting
 - Level 2.6 Dodging
 * Level 6.0 Unarmed Combat
 - Level 2.0 Spellcasting
 + Level 4.2 Transmutations


You had 2 spell levels left.
You knew the following spells:

 Your Spells              Type           Power        Failure   Level  Hunger
a - Beastly Appendage     Trmt           ##....       6%          1    ##.....
b - Sticks to Snakes      Trmt           ##......     10%         2    ###....
c - Spider Form           Trmt/Pois      #.........   34%         3    ####...


Dungeon Overview and Level Annotations

Branches:
Dungeon (3/15)

Altars:
Nemelex Xobeh

Annotations:
D:3 criton's ghost, amateur SpVM


Innate Abilities, Weirdness & Mutations

You revert to your normal form in water.
You are very nimble and swift while swimming.
You have a pair of horns on your head.


Message History

The orc misses you.
You barely miss the orc. The orc hits you with a flail!
* * * LOW HITPOINT WARNING * * *
You hit the orc but do no damage.
Casting: Beastly Appendage
Confirm with . or Enter, or press ? or * to list all spells.
You grow a pair of large bovine horns.
The orc barely misses you.
You hit the orc.
The orc is moderately wounded.
The orc closely misses you.
You barely miss the orc.
The orc is moderately wounded.
The orc hits you with a flail!
* * * LOW HITPOINT WARNING * * *
You hit the orc.
The orc is almost dead.
You barely miss the orc.
The orc is almost dead.
The orc hits you with a flail!
You die...

##(### #.().# ######
#..).# . #.....
#.[..# ...
#.....###....#.....
#............[.....
#........##########
#........###########
#...>....ooo@.......
#........#####'#....
#........# .. .
####.....# ...
###.P'#####.. ...
#P.P≈........ ..
.PP≈≈≈≈....#### .
≈≈≈≈P♣≈≈...#
P≈♣♣♣♣P≈≈..#


You could see 3 orcs.

Vanquished Creatures
  A howler monkey (D:3)
  An orc priest (D:2)
  3 adders (D:2)
  3 oozes
  2 dart slugs
  6 orcs
  3 bats
  10 goblins
  5 hobgoblins
  10 jackals
  7 kobolds
  A ball python (D:2)
  A giant newt (D:2)
  2 rats
55 creatures vanquished.

Notes
Turn   | Place    | Note
--------------------------------------------------------------
     0 | D:1      | urga the Merfolk Transmuter began the quest for the Orb.
     0 | D:1      | Reached XP level 1. HP: 15/15 MP: 3/3
   255 | D:1      | Reached XP level 2. HP: 17/21 MP: 5/5
   271 | D:1      | Reached skill level 4 in Unarmed Combat
   741 | D:1      | You fall through a shaft!
   741 | D:2      | Found a sparkling altar of Nemelex Xobeh.
  1088 | D:2      | Reached XP level 3. HP: 13/26 MP: 6/6
  1336 | D:2      | Learned a level 2 spell: Sticks to Snakes
  1340 | D:2      | Learned a level 3 spell: Spider Form
  2150 | D:2      | Reached XP level 4. HP: 30/32 MP: 7/7
  2175 | D:2      | Reached skill level 5 in Unarmed Combat
  2345 | D:3      | Noticed criton's ghost (amateur SpVM)
  3017 | D:3      | Reached XP level 5. HP: 13/37 MP: 8/8
  3463 | D:3      | Reached skill level 6 in Unarmed Combat
  3560 | D:3      | Slain by an orc

Skill      XL: |  1  2  3  4  5 |
---------------+----------------+-----
Unarmed Combat | 4 5 6 |  6.0
Transmutations | 3 4 |  4.2
Fighting       | |  1.1
Dodging        | |  2.6
Spellcasting   | |  2.0

Action                   |  1- 3 |  4- 6 || total
-------------------------+-------+-------++-------
Melee: Unarmed           |   145 |   115 ||   260
       Punch             |     3 |     1 ||     4
       Headbutt          |       |     1 ||     1
 Cast: Beastly Appendage |     1 |     2 ||     3
       Spider Form       |     1 |       ||     1
  Use: Scroll            |     1 |       ||     1
 Stab: Sleeping          |     1 |       ||     1
  Eat: Chunk             |     4 |     3 ||     7
       Bread ration      |       |     1 ||     1
Armor: Robe              |    13 |    14 ||    27
Dodge: Dodged            |    87 |    82 ||   169
